 Dungeon Crawl Stone Soup version 0.26-a0-1107-g6118521029 (webtiles) character file.

Game seed: 5798342190359053397

702 Dracia the Agent of Entropy (level 7, -4/52 HPs)
             Began as a Demonspawn Abyssal Knight on Dec 16, 2020.
             Was a Priest of Lugonu.
             Slain by a big kobold (5 damage)
             ... in a sewer.
             The game lasted 00:07:44 (6182 turns).

Dracia the Agent of Entropy (DsAK)                  Turns: 6182, Time: 00:07:44

Health: -4/52      AC:  4    Str: 15      XL:     7   Next: 38%
Magic:  11/11      EV: 11    Int: 13      God:    Lugonu [***...]
Gold:   205        SH:  4    Dex: 11 (12) Spells: 6/6 levels left

rFire    . . .     SeeInvis .   a - +1 falchion
rCold    . . .     Faith    .   (no shield)
rNeg     + . .     Spirit   .   b - +0 leather armour
rPois    +         Reflect  .   (no helmet)
rElec    .         Harm     .   d - +0 cloak
rCorr    .         Rampage  .   (no gloves)
Will     .....                  (no boots)
Stlth    +.........             (no amulet)
HPRegen  0.17/turn              P - ring of poison resistance
MPRegen  0.12/turn              N - ring of positive energy

@: no status effects
A: large bone plates 1, miasma immunity
a: Depart the Abyss, Bend Space, Banish, Renounce Religion


You were in a sewer.
You worshipped Lugonu.
Lugonu was most pleased with you.
You visited 1 branch of the dungeon, and saw 4 of its levels.
You visited the Abyss 1 time.
You also visited: Sewer.

You collected 205 gold pieces.


Innate Abilities, Weirdness & Mutations

You are partially covered in large bone plates. (SH +4)
You are immune to miasma.


   Skills:
 - Level 3.0 Fighting
 * Level 6.3 Long Blades
 - Level 1.7 Armour
 - Level 0.8 Dodging
 + Level 6.5 Invocations


You had 6 spell levels left.
You didn't know any spells.
Your spell library was empty.

Inventory:

Hand Weapons
 a - a +1 falchion (weapon)
 k - a +4 quarterstaff of chaos
Armour
 b - a +0 leather armour (worn)
 d - a +0 cloak (worn)
Jewellery
 N - a ring of positive energy (right hand)
 P - a ring of poison resistance (left hand)
Wands
 h - a wand of polymorph (14)
Scrolls
 c - a scroll of enchant weapon {unknown}
 e - 7 scrolls of identify {@r1@r1}
 f - 2 scrolls of enchant armour {unknown}
 i - a scroll of magic mapping
Potions
 g - 3 potions of flight
 j - a potion of brilliance

Dungeon Overview and Level Annotations

Branches:
Dungeon (4/15)             Temple (0/1) D:4           Sewer (1/1)

Altars:
Uskayaw

Annotations:
Abyss:1 Grinder

#[......(.......'.......##
!.......'.§._.§.'........∩
#.......'.......'.......##
##≈≈≈≈≈≈#...§...#≈≈≈≈≈≈##
##########...##########
#############'#########
#≈≈≈#≈≈≈≈≈≈#...#≈≈≈≈≈≈#
#≈≈≈.≈≈≈≈≈≈K..(.≈≈.≈÷≈#
#≈≈≈#.....@#...#.((.÷.#
#≈≈≈#'#######≈#######)#
#≈≈≈#......#≈≈≈#......#
#≈≈≈#≈.≈≈..#≈≈≈#...≈≈≈#
#≈≈≈#≈≈≈≈≈...≈...≈≈≈≈≈#
#≈≈≈#≈≈≈≈≈.#...#≈≈≈≈≈≈#
#≈≈≈#≈≈≈≈≈≈≈...#≈≈≈≈≈≈#
#≈≈≈≈≈≈#...#≈≈≈≈≈≈#
#≈≈≈≈≈≈#...≈≈≈≈≈≈≈#


You could see a big kobold.


Message History

* * * LOW HITPOINT WARNING * * *
You barely miss the big kobold.
The big kobold is moderately wounded.
The big kobold hits you but does no damage.
Unknown command.
Okay, then.
You hit the big kobold.
The big kobold is moderately wounded.
The big kobold hits you but does no damage.
You closely miss the big kobold.
The big kobold is moderately wounded.
The big kobold completely misses you.
You closely miss the big kobold.
The big kobold is moderately wounded.
The big kobold hits you.
* * * LOW HITPOINT WARNING * * *
You closely miss the big kobold.
The big kobold is moderately wounded.
You block the big kobold's attack.
You hit the big kobold.
The big kobold is moderately wounded.
The big kobold hits you.
* * * LOW HITPOINT WARNING * * *
You barely miss the big kobold.
The big kobold is moderately wounded.
The big kobold hits you but does no damage.
You miss the big kobold.
The big kobold is moderately wounded.
The big kobold hits you.
You die...

Skill      XL: |  1  2  3  4  5  6 |
---------------+-------------------+-----
Long Blades    | 2 3 4 6 |  6.3
Invocations    | 3 4 5 6 |  6.5
Fighting       | |  3.0
Armour         | |  1.7
Dodging        | |  0.8

Action                   |  1- 3 |  4- 6 |  7- 9 || total
-------------------------+-------+-------+-------++-------
Melee: Falchion          |   153 |   320 |    31 ||   504
Invok: Banish            |       |     1 |       ||     1
  Use: Potion            |       |     8 |     3 ||    11
       Scroll            |       |     2 |       ||     2
 Stab: Sleeping          |       |     1 |       ||     1
Armor: Leather armour    |    31 |    66 |    21 ||   118
Dodge: Dodged            |    89 |   185 |    53 ||   327
Block: Other             |    25 |    63 |    16 ||   104
       Rpst.: Falchion   |    23 |    51 |     7 ||    81

Levels and vault maps discovered:
D:1:      lemuel_arrival_hallway, layout_loops_cross, lexackson_kobold_supper
D:2:      layout_basic, eat_drink_and_be_merry_uskayaw, minivault_27,
          uniq_crazy_yiuf_cottage
D:3:      layout_loops_cross
D:4:      layout_layer_cave, ashenzari_conservatory_becter,
          minmay_temple_entry_poolview, gup_sewer_entry_spiral,
          hangedman_abyss_or_decor_passed, okawaru_altar_gauntlet_db
Sewer:    kennysheep_sewer_church

Notes
Turn   | Place    | Note
-------+----------+-------------------------------------------
     0 | Abyss:1  | Dracia the Demonspawn Abyssal Knight began the quest for
                  | the Orb.
     0 | Abyss:1  | Reached XP level 1. HP: 18/18 MP: 2/2
    11 | D:1      | You pass through the gate.
    11 | D:1      | Escaped the Abyss
    51 | D:1      | Reached skill level 2 in Long Blades
   268 | D:1      | Gained mutation: You are partially covered in large bone
                  | plates. (SH +4) [demonic ancestry]
   268 | D:1      | Reached XP level 2. HP: 23/24 MP: 4/4
   339 | D:1      | Reached skill level 3 in Invocations
   729 | D:1      | Reached ** piety under Lugonu
   733 | D:1      | Reached XP level 3. HP: 25/29 MP: 5/5
  1083 | D:1      | Reached skill level 3 in Long Blades
  1300 | D:2      | Found a hide-covered altar of Uskayaw.
  2163 | D:2      | Reached XP level 4. HP: 32/35 MP: 6/6
  2868 | D:2      | Found a runed translucent door.
  2869 | D:2      | Noticed Crazy Yiuf
  3014 | D:2      | Killed Crazy Yiuf
  3015 | D:2      | Reached skill level 4 in Invocations
  3484 | D:3      | Reached skill level 4 in Long Blades
  3620 | D:3      | Reached XP level 5. HP: 35/41 MP: 8/8
  3795 | D:3      | Reached *** piety under Lugonu
  4371 | D:4      | Noticed a phantom
  4405 | D:4      | HP: 2/41 [phantom (5)]
  4419 | D:4      | Killed a phantom
  4420 | D:4      | Reached skill level 5 in Invocations
  4724 | D:4      | Reached XP level 6. HP: 31/47 MP: 9/9
  4781 | D:4      | Reached skill level 5 in Long Blades
  4813 | D:4      | Found a glowing drain.
  4817 | Sewer    | Entered a sewer
  5588 | Sewer    | Found a burning altar of Makhleb.
  5626 | Sewer    | Reached **** piety under Lugonu
  5876 | Sewer    | Noticed Grinder
  5892 | Sewer    | Paralysed by Grinder for 4 turns
  5896 | Sewer    | Banished Grinder
  5897 | Sewer    | Reached skill level 6 in Long Blades
  5897 | Sewer    | Reached skill level 6 in Invocations
  5897 | Sewer    | Gained mutation: You are immune to miasma. [demonic
                  | ancestry]
  5897 | Sewer    | Reached XP level 7. HP: 15/52 MP: 6/11
  6158 | Sewer    | HP: 2/52 [big kobold (6)]
  6165 | Sewer    | HP: 2/52 [ufetubus (4)]
  6174 | Sewer    | HP: 4/52 [big kobold (7)]
  6180 | Sewer    | HP: 1/52 [big kobold (3)]
  6182 | Sewer    | Slain by a big kobold

Vanquished Creatures
  A phantom (D:4)
  A big kobold (Sewer)
  A quasit (Sewer)
  An orc wizard (D:4)
  Crazy Yiuf (D:2)
  3 adders
  A river rat (D:4)
  2 shadow imps (Sewer)
  5 ufetubi (Sewer)
  2 worms
  A dart slug (D:3)
  11 leopard geckos
  7 orcs
  5 giant cockroaches
  9 goblins
  12 hobgoblins
  9 jackals
  34 kobolds
  2 quokkas
  2 ball pythons
  9 bats
  4 frilled lizards
  7 rats
130 creatures vanquished.

Vanquished Creatures (others)
  A big kobold zombie (Sewer)
  7 plants (D:1)
8 creatures vanquished.

Grand Total: 138 creatures vanquished

Table legend: (Time is in decaauts)
 A = Elapsed time spent in this place.
 B = Non-inter-level travel time spent in this place.
 C = Inter-level travel time spent in this place.
 D = Time resting spent in this place.
 E = Time spent auto-exploring this place.
 F = Levels seen in this place.
 G = Mean time per level.
                   A        B        C        D        E       F      G
               +--------+--------+--------+--------+--------+-----+--------+
         Total |   6244 |   6092 |    152 |   1519 |   3466 |   6 | 1040.7 |
       Dungeon |   4859 |   4707 |    152 |    579 |   3330 |   4 | 1214.8 |
         Abyss |     11 |     11 |      0 |      0 |      9 |   1 |   11.0 |
         Sewer |   1373 |   1373 |      0 |    940 |    127 |   1 | 1373.0 |
               +--------+--------+--------+--------+--------+-----+--------+

Top non-repeatable levels by time:
     D:2: 2032 daAuts
   Sewer: 1373 daAuts
     D:1: 1273 daAuts
     D:3: 1074 daAuts
     D:4: 479 daAuts
 Abyss:1: 11 daAuts

Table legend:
 A = Non-vault XP
 B = Vault XP
 C = Vault XP percentage of total XP
 D = Non-vault monster count
 E = Vault monster count
 F = Vault count percentage of total count
                 A         B        C        D         E       F
            +---------+---------+-------+---------+---------+-------
      Total |     363 |     640 |  63.8 |      86 |      46 |  34.8
            +---------+---------+-------+---------+---------+-------
        D:1 |      44 |      12 |  21.4 |      25 |       8 |  24.2
        D:2 |      65 |      39 |  37.5 |      29 |       1 |   3.3
        D:3 |      77 |       0 |   0.0 |      26 |       0 |   0.0
        D:4 |     177 |      25 |  12.4 |       6 |       6 |  50.0
      Sewer |       0 |     564 | 100.0 |       0 |      31 | 100.0
            +---------+---------+-------+---------+---------+-------
